AoeStats
← jphilkill

Nomad

506865213Analyzed
4v4 RM · 18d ago on Sep 15, 2026· 41m 14s· 8 players
Game mode
Random Map
Map size
231×231
Population
200
Speed
Normal
Resources
Standard
Victory
Conquest
Starting age
Dark Age
Ending age
Imperial Age
RankedLock teamsTeams togetherTeam positionsShared explorationLock speedFull tech treeHidden civsTurbo modeCheats
Victory
Defeat
🇺🇸 Lithuanians · United States
1025
+13
🇨🇳 Vietnamese · China
1006
+14
🇨🇳 Persians · China
956
+16
🇮🇳 Italians · India
954
+16
🇩🇰 Bohemians · Denmark
989
-17
🇫🇷 Romans · France
969
-15
🇩🇪 Huns · Germany
941
-14
🇨🇿 Maya · Czechia
920
-13
Frardor /Transis
3:21 Loom
15:53 Feudal Age
16:27 Double-Bit Axe
16:12 Man-at-Arms
16:38 Horse Collar
20:41 Forging
20:32 Scale Mail Armor
22:27 Wheelbarrow
28:36 Castle Age
29:38 Squires
29:00 Pikeman
29:01 Long Swordsman
30:20 Iron Casting
30:01 Chain Mail Armor
31:12 Hand Cart
31:11 Gold Mining
31:13 Stone Mining
34:03 Fletching
37:02 Imperial Age
34:45 Bodkin Arrow
sellack
6:26 Loom
18:03 Feudal Age
Nohy Enjoyer
13:17 Feudal Age
15:42 Town Watch
18:12 Wheelbarrow
17:23 Town Watch
jphilkill
4:05 Loom
15:59 Feudal Age
17:41 Wheelbarrow
17:00 Gold Mining
17:01 Stone Mining
16:59 Double-Bit Axe
decayon
13:42 Feudal Age
14:33 Double-Bit Axe
16:47 Horse Collar
17:35 Loom
18:26 Wheelbarrow
17:39 Town Watch
20:53 Bloodlines
22:33 Fletching
24:54 Castle Age
25:03 Scale Barding Armor
25:09 Forging
26:01 Bow Saw
27:37 Husbandry
30:08 Chain Barding Armor
31:30 Iron Casting
31:30 Fervor
31:41 Sanctity
34:32 Stone Mining
36:46 Ballistics
36:28 Bodkin Arrow
39:15 Medium Warships
42:59 Imperial Age
41:08 Clinker Construction
178296399
5:45 Loom
14:33 Feudal Age
23:03 Castle Age
21:16 Double-Bit Axe
21:16 Horse Collar
22:31 Stone Mining
30:26 Scale Barding Armor
31:59 Bow Saw
39:19 Imperial Age
38:40 Heavy Plow
40:08 Conscription
40:02 Spies/Treason
TaiwanIsChina's
6:16 Loom
14:49 Feudal Age
15:47 Double-Bit Axe
16:15 Man-at-Arms
23:25 Castle Age
23:16 Gold Mining
23:30 Stone Mining
24:10 Horse Collar
24:58 Bow Saw
26:01 Heavy Plow
27:33 Stone Shaft Mining
27:17 Husbandry
27:29 Bloodlines
28:11 Wheelbarrow
29:05 Hand Cart
28:38 Town Watch
31:16 Town Patrol
34:31 Treadmill Crane
35:12 Ballistics
34:49 Murder Holes
36:32 Scale Barding Armor
36:38 Forging
37:31 Thumb Ring
41:13 Imperial Age
38:59 Chatras
iamlegolas312
3:20 Loom
14:20 Feudal Age
14:52 Double-Bit Axe
14:48 Fishing Lines
16:12 Gold Mining
17:27 Stone Mining
21:11 Wheelbarrow
24:32 Castle Age
22:31 Fletching
22:42 Padded Archer Armor
25:52 Bow Saw
25:39 Bodkin Arrow
25:59 Leather Archer Armor
25:33 Town Watch
25:52 Gillnets
26:45 Squires
27:38 Thumb Ring
29:46 Stone Shaft Mining
30:03 Bloodlines
33:23 Imperial Age
30:36 Light Cavalry
34:15 Bracer
35:17 Conscription
35:29 Ring Archer Armor
36:17 Chemistry
34:58 Treadmill Crane
37:27 Forging
37:22 Scale Barding Armor
37:36 Hand Cart
40:57 Two-Man Saw
40:43 Spies/Treason
Connection lost

Rejoining the realm…

Still unreachable

The connection could not be restored.

Session expired

The server has moved on; the page needs a fresh start.